 Dungeon Crawl Stone Soup version 0.19-a0-526-gbe2e51c (webtiles) character file.

465 AlphabetPasta the Chopper (level 6, -2/47 HPs)
             Began as a Mummy Warper on June 7, 2016.
             Was a Priest of Makhleb.
             Slain by Purgy (3 damage)
             ... in a sewer.
             The game lasted 00:23:56 (3312 turns).

AlphabetPasta the Chopper (Mummy Warper)            Turns: 3312, Time: 00:23:57

Health: -2/47      AC:  6    Str: 15      XL:     6   Next: 80%
Magic:  10/10      EV: 12    Int: 15      God:    Makhleb [***...]
Gold:   200        SH:  0    Dex: 10 (12) Spells: 3 memorised, 5 levels left

rFire  x . .     SeeInvis .     a - +0 hand axe
rCold  + . .     Gourm    .     r - +0 leather armour
rNeg   + + +     Faith    .     (no shield)
rPois  ∞         Spirit   .     (no helmet)
rElec  .         Dismiss  .     t - +1 cloak
rCorr  .         Reflect  .     (no gloves)
SustAt .         Harm     .     (no boots)
MR     .....                    n - amulet of regeneration
Stlth  +.........               l - +2 ring of intelligence
                                h - +1 ring of protection

@: not resistant to hostile enchantments, very unstealthy
A: no food or potions, fire vulnerability, cold resistance 1, negative energy
resistance 3, torment resistance, unbreathing
a: Minor Destruction, Lesser Servant of Makhleb, Renounce Religion


You were in a sewer.
You worshipped Makhleb.
Makhleb was most pleased with you.
You were not hungry.

You visited 1 branch of the dungeon, and saw 5 of its levels.
You also visited: Sewer.

You collected 200 gold pieces.

Inventory:

Hand Weapons
 a - a +0 hand axe (weapon)
 b - a +1 blowgun
Missiles
 e - a tomahawk of dispersal (quivered)
 i - 19 poisoned needles
Armour
 r - a +0 leather armour (worn)
 t - a +1 cloak (worn)
Jewellery
 h - a +1 ring of protection (left hand)
 l - a +2 ring of intelligence (right hand)
 n - an amulet of regeneration (around neck)
Scrolls
 d - 2 scrolls of blinking
 f - 3 scrolls of identify
 g - a scroll of enchant armour
 q - a scroll of recharging
Books
 c - a book of Spatial Translocations

   Spells                             Type                      Level
   a - Apportation                    Translocation                1
   b - Blink                          Translocation                2
   c - Shroud of Golubria             Charms/Translocation         2
   d - Portal Projectile              Translocation                3
   e - Teleport Other                 Translocation                3
   f - Passage of Golubria            Translocation                4


   Skills:
 + Level 3.0 Fighting
 * Level 3.4 Axes
 + Level 1.9 Throwing
 + Level 2.0 Armour
 + Level 2.6 Dodging
 + Level 2.8 Spellcasting
 + Level 3.0 Translocations
 + Level 1.0 Invocations


You had 5 spell levels left.
You knew the following spells:

 Your Spells              Type           Power        Failure   Level  Hunger
a - Apportation           Tloc           ##........   10%         1    N/A
b - Blink                 Tloc           N/A          12%         2    N/A
c - Shroud of Golubria    Chrm/Tloc      #.........   21%         2    N/A

Dungeon Overview and Level Annotations

Branches:
Dungeon (5/15)
 Temple: D:4-7

Altars:
Elyvilon
Makhleb
Uskayaw
Vehumet

Annotations:
Sewer Purgy


Innate Abilities, Weirdness & Mutations

You do not eat or drink.
Your flesh is vulnerable to fire.
You are immune to poison.
Your flesh is cold resistant. (rC+)
You are immune to negative energy. (rN+++)
You are immune to unholy pain and torment.
You can survive without breathing.


Message History

You hit Purgy but do no damage.
Purgy is almost dead.
Purgy bites you but does no damage. Purgy claws you but does no damage.
Purgy claws you.
* * * LOW HITPOINT WARNING * * *
Purgy barely misses you. x2; Purgy claws you.
* * * LOW HITPOINT WARNING * * *
You hit Purgy.
Purgy is almost dead.
Purgy closely misses you. Purgy claws you but does no damage. x2
You completely miss Purgy.
Purgy is almost dead.
Purgy bites you but does no damage. Purgy claws you but does no damage.
Purgy misses you.
You closely miss Purgy.
Purgy is almost dead.
Purgy bites you but does no damage. Purgy claws you.
* * * LOW HITPOINT WARNING * * *
Purgy claws you.
You die...

##≈≈≈≈≈≈≈≈# #≈
#≈≈≈≈≈≈≈≈≈# #≈
##≈≈≈≈≈≈≈≈## #≈
#≈≈≈≈≈≈≈≈≈≈# #.
##.≈≈≈≈≈≈≈≈≈# #(
##≈≈≈≈≈≈≈≈≈≈≈≈ #.
#.≈≈≈≈≈≈≈≈≈≈≈
###T####≈≈≈≈≈≈≈≈≈#≈#
#..≈@..≈≈≈≈≈≈≈≈≈##
≈≈≈≈≈≈≈≈≈≈≈≈≈≈≈≈≈≈##
≈≈≈≈≈≈≈≈≈≈≈≈≈≈≈≈≈≈#
≈≈≈≈≈≈≈≈≈≈≈≈≈≈≈≈###
≈≈≈≈≈≈≈≈≈≈≈≈≈≈≈##
≈≈≈≈≈≈≈≈≈≈≈≈≈≈≈#
≈≈≈≈≈≈≈≈≈≈≈≈≈≈≈#
≈≈≈≈≈≈≈≈≈≈≈≈####


You could see Purgy.

Vanquished Creatures
  A quasit (D:3)
  A giant frog skeleton (D:5)
  An orc priest (D:4)
  5 orc wizards (D:4)
  Ijyb (D:2)
  3 worker ants
  4 adders
  2 gnolls (D:5)
  An ooze (D:3)
  An adder skeleton (D:4)
  2 worms (D:3)
  A dart slug (D:2)
  2 giant geckos
  11 orcs
  8 bats
  5 giant cockroaches
  3 goblins
  6 hobgoblins
  5 jackals
  11 kobolds
  A quokka (D:3)
  A ball python (D:3)
  8 giant newts
  7 rats
91 creatures vanquished.

Vanquished Creatures (others)
  A giant cockroach (D:3)
1 creature vanquished.

Grand Total: 92 creatures vanquished

Notes
Turn   | Place    | Note
--------------------------------------------------------------
     0 | D:1      | AlphabetPasta the Mummy Warper began the quest for the Orb.
     0 | D:1      | Reached XP level 1. HP: 16/16 MP: 3/3
   459 | D:1      | Reached skill level 1 in Armour
   472 | D:1      | Reached XP level 2. HP: 13/22 MP: 5/5
   476 | D:1      | Learned a level 2 spell: Blink
   479 | D:1      | Learned a level 2 spell: Shroud of Golubria
  1141 | D:2      | Reached XP level 3. HP: 27/27 MP: 6/6
  1228 | D:2      | Found a faded altar of an unknown god.
  1236 | D:2      | Became a worshipper of Makhleb the Destroyer
  1236 | D:2      | Reached * piety under Makhleb
  1242 | D:2      | Noticed Ijyb
  1283 | D:2      | Killed Ijyb
  1283 | D:2      | Reached skill level 1 in Throwing
  1283 | D:2      | Reached XP level 4. HP: 33/33 MP: 7/7
  1666 | D:3      | Found a radiant altar of Vehumet.
  1718 | D:3      | Reached ** piety under Makhleb
  1833 | D:3      | Reached XP level 5. HP: 39/39 MP: 8/8
  1872 | D:3      | Learned a level 3 spell: Portal Projectile
  2302 | D:4      | Reached XP level 6. HP: 20/46 MP: 10/10
  2556 | D:4      | Found a hide-covered altar of Uskayaw.
  2556 | D:4      | Noticed a dagger
  2557 | D:4      | Noticed a dagger
  2657 | D:4      | Reached skill level 1 in Invocations
  3047 | D:5      | Entered Level 5 of the Dungeon
  3101 | D:5      | Found a white marble altar of Elyvilon.
  3154 | D:5      | Reached *** piety under Makhleb
  3238 | D:5      | Found a glowing drain.
  3245 | Sewer    | Entered a sewer
  3283 | Sewer    | Noticed Purgy
  3309 | Sewer    | HP: 1/47 [Purgy (4)]
  3312 | Sewer    | Slain by Purgy

Vault maps used:
D:1:      evilmike_arrival_run_for_it, serial_glass, glass_columns_b,
          glass_columns_b
D:2:      ecumenical_altar_2, uniq_iyjb
D:3:      fiery_altar_vehumet, first_bread, serial_glass, glass_columns_a,
          glass_columns_a
D:4:      dancing_weapons_uskayaw
D:5:      old_standard_altar, lightli_sewer_entry_pipes, uniq_eustachio
Sewer:    sewer_co_purgy_island

Skill      XL: |  1  2  3  4  5  6 |
---------------+-------------------+-----
Armour         | 1 2 |  2.0
Dodging        | 2 |  2.6
Axes           | 2 3 |  3.4
Throwing       | 1 |  1.9
Translocations | 3 |  3.0
Invocations    | 1 |  1.0
Fighting       | 3 |  3.0
Spellcasting   | |  2.8

Action                   |  1- 3 |  4- 6 || total
-------------------------+-------+-------++-------
Melee: Hand axe          |   159 |   410 ||   569
 Fire: Blowgun           |       |    24 ||    24
Throw: Tomahawk          |     2 |     2 ||     4
 Cast: Shroud of Golubri |     2 |    26 ||    28
       Blink             |       |     1 ||     1
  Use: Scroll            |       |    11 ||    11
Armor: Leather armour    |    37 |   164 ||   201
Dodge: Dodged            |   101 |   319 ||   420
